 Dungeon Crawl Stone Soup version 0.28.0-53-g5a82cb258f (webtiles) character file.

Game seed: 10639272255454088069

1044 101zpm the Magician (level 8, -6/50 HPs)
             Began as a Djinni Fire Elementalist on May 23, 2022.
             Was an Initiate of Hepliaklqana.
             Mangled by a scorpion (7 damage)
             ... on level 6 of the Dungeon.
             The game lasted 00:07:17 (4120 turns).

101zpm the Magician (Djinni Fire Elementalist)      Turns: 4120, Time: 00:07:18

Health: -6/50      AC:  2    Str:  7    XL:     8   Next: 49%
Gold:   146        EV: 12    Int: 19    God:    Hepliaklqana [......] SH:  0 Dex: 14

rFire   + + .      SeeInvis .   (no weapon)
rCold   x . .      Faith    .   (no shield)
rNeg    . . .      Spirit   .   a - +0 robe
rPois   ∞          Reflect  .   (no helmet)
rElec   .          Harm     .   (no cloak)
rCorr   .          Rampage  .   (no gloves)
Will    .....                   (boots unavailable)
Stlth   ++........              (no amulet)
HPRegen 0.16/turn               (no ring)
MPRegen 0.00/turn               (no ring)

@: flying
A: sickness immunity, fire resistance 2, cold vulnerability 1, float, innate
caster, HP casting, extra vitality 1
a: Renounce Religion


You were on level 6 of the Dungeon.
You worshipped Hepliaklqana.
Hepliaklqana was noncommittal.
You visited 1 branch of the dungeon, and saw 6 of its levels.

You collected 146 gold pieces.

Inventory:

Armour
 a - a +0 robe (worn)
Jewellery
 b - a +6 ring of strength
Scrolls
 c - a scroll of identify {unknown}
 d - 2 scrolls of teleportation {unknown}
 f - a scroll of fear {unknown}
 g - a scroll of magic mapping {unknown}
Potions
 e - a potion of curing {unknown}
 h - a potion of mutation {unknown}


   Skills:
 + Level 0.2 Fighting
 + Level 2.5 Dodging
 + Level 2.6 Stealth
 + Level 7.3 Spellcasting


You had 2 spell levels left.
You knew the following spells:

 Your Spells              Type           Power      Damage    Failure   Level
a - Foxfire               Conj/Fire      100%       2x1d9     1%          1
b - Scorch                Fire           68%        2d8       1%          2
c - Conjure Flame         Conj/Fire      34%        6-21      1%          3
d - Inner Flame           Hex/Fire       34%        N/A       1%          3
e - Flame Wave            Conj/Fire      34%        2d8       4%          4
f - Sting                 Tmut/Pois      100%       1d8       1%          1
g - Blink                 Tloc           68%        N/A       1%          2
h - Stone Arrow           Conj/Erth      68%        3d11      1%          3
Your spell library was empty.

Dungeon Overview and Level Annotations

Branches:
Dungeon (6/15)
 Temple: D:4-7

Altars:
Hepliaklqana
Trog
Uskayaw


Innate Abilities, Weirdness & Mutations

You are immune to sickness and miasma.
You are immune to poison.
Your flesh is very heat resistant. (rF++)
You are vulnerable to cold. (rC-)
You float through the air rather than walking.
You learn spells naturally, not from books.
Your magical power is your life essence.
You have superior vitality. (+4 MHP)


Message History

The foxfire hits the wight.
Flame seeps out of the wight.
The wight is lightly damaged.
The wight is engulfed in blazing flames.
Flame seeps out of the wight.
The foxfire hits the wight.
Flame seeps out of the wight.
The wight is almost destroyed.
The wight is engulfed in blazing flames.
The wight explodes!
There is a stone staircase leading up here.
You start resting.
A scorpion is nearby!
Casting: Foxfire (safe; 1% risk of failure)
Press: ? - help, Q - select action, (/) - cycle Dir - look around, f - activate You conjure some foxfire!
* * * LOW HITPOINT WARNING * * *
Casting: Foxfire (safe; 1% risk of failure)
Press: ? - help, Q - select action, (/) - cycle Dir - look around, f - activate You conjure some foxfire!
* * * LOW HITPOINT WARNING * * *
The foxfire hits the scorpion but does no damage.
Casting: Foxfire (safe; 1% risk of failure)
Confirm with . or Enter, or press ? or * to list all spells.
Aiming: Inner Flame (safe; 1% risk of failure)
Press: ? - help, Dir - move target, f - scorpion
Aim: a scorpion (ally target, chance to affect: 86%)
The scorpion is filled with an inner flame.
* * * LOW HITPOINT WARNING * * *
The foxfire hits the scorpion but does no damage. x3
Casting: Foxfire (safe; 1% risk of failure)
Press: ? - help, Q - select action, (/) - cycle Dir - look around, f - activate You conjure some foxfire!
* * * LOW HITPOINT WARNING * * *
The foxfire hits the scorpion.
Flame seeps out of the scorpion.
The scorpion is moderately wounded.
The foxfire hits the scorpion.
Flame seeps out of the scorpion.
The scorpion is heavily wounded.
The scorpion is engulfed in blazing flames.
Flame seeps out of the scorpion.
The scorpion stings you!
You die...

######..............#.# #...
#....###..########....###..#
#....# #.## ##.(.....#
#....###.# ###.....##
#....##..#############<....#
#....##.##........##...#.....
#)......#.................#..
#...................#......#.
#.....##....@§....###(.....#
##....##....s§....# #.###....
#.#####..........# ... ....
#.# #....○........_. .#.
###.# ##..........#... ...
####...# #)........##
.....#######..)........#
...### #...).)......... ..##
###.##.....


You could see a scorpion (inner flame).

Vanquished Creatures
  2 sky beasts
  2 ogres
  2 scorpions (D:6)
  A water moccasin zombie (D:6)
  5 wights (D:6)
  A bullfrog skeleton (D:5)
  A jelly (D:5)
  A gnoll shaman (D:6)
  A hound (D:6)
  2 iguanas
  An orc wizard (D:3)
  A hound skeleton (D:5)
  A howler monkey zombie (D:6)
  4 gnolls (D:6)
  2 adders
  A white imp (D:6)
  5 orcs
  3 bats
  5 endoplasms
  8 jackals (D:2)
  2 quokkas
  2 ball pythons
  A frilled lizard (D:3)
  A kobold (D:1)
  A rat (D:2)
56 creatures vanquished.

Vanquished Creatures (others)
  231 foxfires
231 creatures vanquished.

Grand Total: 287 creatures vanquished

Notes
Turn   | Place    | Note
-------+----------+-------------------------------------------
     0 | D:1      | 101zpm the Djinni Fire Elementalist began the quest for the
                  | Orb.
     0 | D:1      | Reached XP level 1. HP: 15/15 MP: 0/0
   427 | D:1      | Reached XP level 2. HP: 17/21 MP: 0/0
   740 | D:2      | Reached skill level 3 in Spellcasting
  1141 | D:2      | Reached XP level 3. HP: 21/25 MP: 0/0
  1141 | D:2      | Learned a level 1 spell: Sting
  1245 | D:2      | Found a faded altar of an unknown god.
  2199 | D:3      | Reached XP level 4. HP: 23/31 MP: 0/0
  2736 | D:5      | Entered Level 5 of the Dungeon
  2739 | D:6      | Noticed a scorpion
  2742 | D:6      | Noticed a scorpion
  2743 | D:6      | Reached XP level 5. HP: 26/35 MP: 0/0
  2743 | D:6      | Learned a level 2 spell: Blink
  2744 | D:6      | Noticed a sky beast
  2748 | D:5      | Reached skill level 4 in Spellcasting
  3139 | D:6      | Noticed an ogre
  3142 | D:6      | Killed an ogre
  3143 | D:6      | Reached XP level 6. HP: 33/40 MP: 0/0
  3154 | D:6      | Reached skill level 5 in Spellcasting
  3164 | D:6      | Reached XP level 7. HP: 11/45 MP: 0/0
  3164 | D:6      | Learned a level 3 spell: Stone Arrow
  3473 | D:5      | Found a hazy altar of Hepliaklqana.
  3481 | D:5      | Became a worshipper of Hepliaklqana the Forgotten
  3545 | D:5      | Reached skill level 6 in Spellcasting
  3633 | D:5      | Reached XP level 8. HP: 44/50 MP: 0/0
  3877 | D:5      | Found a hide-covered altar of Uskayaw.
  3907 | D:6      | Found a bloodstained altar of Trog.
  4078 | D:6      | Reached skill level 7 in Spellcasting
  4120 | D:6      | Mangled by a scorpion

Illustrated notes

Levels and vault maps discovered:
D:1:      wander_arrival_abandoned_jail, layout_rooms, minmay_tromino_v4_c
D:2:      layout_basic, hellmonk_ecumenical_altar_dog_temple
D:3:      layout_basic, zin_angel, serial_shops, shop
D:4:      layout_cave_pods, minmay_quantized
D:5:      layout_loops_ring, nicolae_uskayaw_murder_on_the_dancefloor,
          general_overflow_altar, minmay_temple_entry_antechambers,
          minmay_misc_feat_four_crosses
D:6:      layout_rooms, trog_three_pillars_becter, kennysheep_mini,
          gammafunk_ghost_split

Skill      XL: |  1  2  3  4  5  6  7  8 |
---------------+-------------------------+-----
Spellcasting   | 3 4 5 6 7 |  7.3
Stealth        | 2 |  2.6
Fighting       | |  0.2
Dodging        | |  2.5

Action                   |  1- 3 |  4- 6 |  7- 9 || total
-------------------------+-------+-------+-------++-------
 Cast: Foxfire           |    83 |    33 |    27 ||   143
       Scorch            |     2 |     7 |     5 ||    14
       Inner Flame       |       |     9 |    23 ||    32
Armor: Robe              |       |     1 |       ||     1
Dodge: Dodged            |       |     4 |       ||     4
